 Dungeon Sprint DCSS version 0.31-a0-521-gc7390f8997 (webtiles) character file.

Game seed: 9709281243025284167

4747 rocky1 the Severer (level 10, -18/97 HPs)
             Began as a Minotaur Fighter on Aug 11, 2023.
             Was the Champion of Cheibriados.
             Demolished by Demur the pandemonium lord (22 damage)
             ... in the Dungeon (Sprint V: "Ziggurat Sprint").
             The game lasted 00:06:30 (1457 turns).

rocky1 the Severer (Minotaur Fighter)               Turns: 1457, Time: 00:06:31

Health: -18/97     AC:  0    Str: 38    XL:     10   Next: 23%
Magic:  7/15       EV: 24    Int: 22    God:    Cheibriados [******]
Gold:   0          SH:  0    Dex: 25    Spells: 9/9 levels left

rFire   . . .        E - melded +3 broad axe (flame)
rCold   . . .        c - melded +0 buckler
rNeg    . . .        w - melded +5 gold dragon scales
rPois   .            (helmet currently unavailable)
rElec   .            (cloak currently unavailable)
rCorr   .            D - melded +2 pair of gloves {Str+3}
SInv    .            (boots currently unavailable)
Will    .....        (no amulet)
Stlth   +            z - melded +6 ring of strength
HPRegen 0.36/turn    i - melded ring "Qytaesom" {Drain rElec rN+++ MP+9 Int+3}
MPRegen 0.14/turn

%: no teleportation
@: confused, pig-form, studying Ranged Weapons, invisible, unable to drink, very
slow
A: fast, no casting, small, (horns 2), (retaliatory headbutt), (heat
vulnerability 1), inability to drink after injury 1, devolution 1
a: Renounce Religion, Bend Time, Temporal Distortion, Slouch, Step From Time


You were in the Dungeon.
You worshipped Cheibriados.
Cheibriados was exalted by your worship.
You were a filthy swine.
You visited 1 branch

Inventory:

Hand Weapons
 a - a +0 war axe
 u - a +5 heavy broad axe
 E - a +3 broad axe of flaming (melded)
Armour
 c - a +0 buckler (melded)
 n - the +1 plate armour of the Eight Boll Weevils {rF+ Int+2 SInv}
   (You found it in the Dungeon)

   Int+2:     It affects your intelligence (+2).
   rF+:       It protects you from fire.
   SInv:      It lets you see invisible.
 v - a +5 crystal plate armour
 w - +5 gold dragon scales (melded)
 D - a +2 pair of gloves of strength (melded)
Jewellery
 i - the ring "Qytaesom" (melded) {Drain rElec rN+++ MP+9 Int+3}
   (You found it in the Dungeon)

   [ring of magical power]

   Int+3:     It affects your intelligence (+3).
   rElec:     It insulates you from electricity.
   rN+++:     It renders you almost immune to negative energy.
   MP+9:      It affects your magic capacity (+9).
   Drain:     It drains your maximum health when unequipped.
 z - a +6 ring of strength (melded)
 A - a +6 ring of strength
 C - a +5 ring of evasion
Talismans
 b - a talisman of death
Wands
 s - a wand of mindburst (7)
 t - a wand of light (7)
 B - a wand of roots (5)
 F - a wand of flame (13)
Scrolls
 j - 4 scrolls of blinking
 o - 4 scrolls of amnesia
 p - 8 scrolls of fog
 q - 5 scrolls of identify
 r - 2 scrolls of fear
Potions
 d - 6 potions of might
 e - 10 potions of curing
 f - 8 potions of heal wounds
 g - 6 potions of haste
 h - 7 potions of magic
 k - 2 potions of brilliance
 l - a potion of invisibility
 m - 4 potions of resistance
Miscellaneous
 x - a sack of spiders
 y - a phantom mirror


   Skills:
 + Level 11.6 Fighting
 * Level 15.1 Axes
 + Level 11.6 Armour
 + Level 10.0 Dodging
 + Level 11.3 Shields
 + Level 8.9 Invocations
 + Level 5.5 Evocations


You had 9 spell levels left.
You didn't know any spells.
Your spell library contained the following spells:

 Spells                   Type           Power      Damage    Failure   Level
 Ensorcelled Hibernation  Hex/Ice        0%         N/A       26%         2
 Scorch                   Fire           0%         2d5       26%         2
 Anguish                  Hex/Necr       0%         N/A       86%         4
 Animate Armour           Summ/Erth      0%         N/A       86%         4
 Summon Lightning Spire   Summ/Air       0%         N/A       86%         4
 Alistair's Intoxication  Tmut/Pois      0%         N/A       99%         5
 Borgnjor's Vile Clutch   Necr/Erth      0%         N/A       99%         5
 Lee's Rapid Deconstruct  Erth           0%         3d4*      99%         5
 Eringya's Noxious Bog    Tmut/Pois      0%         4d6       100%        6
 Plasma Beam              Fire/Air       0%         2x1d10    100%        6
 Maxwell's Capacitive Co  Air            0%         ∞         100%        8


Dungeon Overview and Level Annotations

Branches:
Dungeon (1/1)

Altars:
Ashenzari
Cheibriados
Dithmenos
Elyvilon
Fedhas
Gozag
Hepliaklqana
Kikubaaqudgha
Makhleb
Nemelex Xobeh
Okawaru
Qazlal
Ru
Sif Muna
Trog
Uskayaw
Vehumet
Wu Jian
Xom
Yredelemnul
Zin
The Shining One
Jiyva
Lugonu

Annotations:
D 1 transporter


Innate Abilities, Weirdness & Mutations

You are a filthy swine.
You move quickly.
Your equipment is almost entirely melded.
You are incapable of wielding weapons or throwing items.
You cannot cast spells.
((You have a pair of horns on your head.))
((You reflexively headbutt those who attack you in melee.))
((You are vulnerable to heat. (rF-)))
You occasionally lose the ability to drink potions when taking damage.
You have hidden genetic defects.


Message History

You catch the helpless hell rat completely off-guard!
You hit the hell rat.
The hell rat is lightly wounded.
The hell rat misses you.
You hit the hell rat but do no damage.
The hell rat is lightly wounded.
The tarantella closely misses you. The tarantella barely misses you.
Unknown command.
You hit Demur but do no damage. The tarantella closely misses you.
Demur completely misses you.
You hit Demur.
Demur is lightly wounded.
The tarantella touches you. The crimson imp hits you. Demur stings you!
Xyumimp gestures.
Xyumimp blinks!
The hell rat roars deafeningly!
You hit Demur but do no damage.
Demur is lightly wounded.
Demur stings you! The tarantella misses you.
Xyumimp gestures.
Xyumimp blinks!
You hit Demur.
Demur is lightly wounded.
Demur completely misses you. The tarantella barely misses you.
You hit Demur but do no damage.
Demur is lightly wounded.
Demur stings you! The tarantella touches you!
* * * LOW HITPOINT WARNING * * *
You are confused.
Xyumimp gestures.
You easily resist.
Demur stings you.
* * * LOW HITPOINT WARNING * * *
The hell rat completely misses you.
You are too confused!
Demur attacks as you move away! Demur stings you!
* * * LOW HITPOINT WARNING * * *
Demur completely misses you. The tarantella completely misses you.
Demur stings you!!
You feel threatened and lose the ability to drink potions!
You die...

▓...8©8...▓
▓../)/))..▓
▓...):)=..▓
▓.........▓
▓....5&...▓
▓..5.5r...▓
▓...4s4...▓
▓...&s....▓
▓..h.5....▓
▓▓▓▓▓▓▓▓▓▓▓


You could see Demur, Xyumimp, a hellwing (unable to see you), a red devil
(unable to see you), 2 tarantellas, a hell rat (summoned, unable to see you), a
quasit (unable to see you), a crimson imp (unable to see you), a white imp
(unable to see you) and a shadow imp (unable to see you).

Vanquished Creatures
  A dancing weapon (D)
  3 deep elf pyromancers (D)
  A shining eye (D)
  A guardian serpent (shapeshifter) (D)
  A yaktaur (shapeshifter) (D)
  A guardian mummy (D)
  A wind drake (shapeshifter) (D)
  An air elemental (D)
  A yak (shapeshifter) (D)
  2 neqoxecs (D)
  A large abomination (D)
  2 phantoms (D)
  An earth elemental (D)
  A bullfrog (D)
  3 necrophages (D)
  A small abomination (D)
  A crimson imp (D)
  2 iron imps (D)
  3 orc wizards (D)
  2 mummies (D)
  An ufetubus (D)
  2 adder zombies (D)
  A worm (shapeshifter) (D)
  2 orcs (D)
  A bat skeleton (D)
  3 jackals (D)
  2 ball python skeletons (D)
  A ball python zombie (D)
  A quokka skeleton (D)
44 creatures vanquished.

Vanquished Creatures (others)
  A blink frog (shapeshifter) (D)
  An ufetubus (D)
2 creatures vanquished.

Grand Total: 46 creatures vanquished

Notes
Turn   | Place    | Note
-------+----------+-------------------------------------------
     0 | D        | rocky1 the Minotaur Fighter began the quest for the Orb.
     0 | D        | Reached XP level 1. HP: 19/19 MP: 0/0
     0 | D        | Found a blossoming altar of Fedhas.
     0 | D        | Found the +6 Majin-Bo {spellvamp, MP+6 Int+6}
     0 | D        | Found the +27 heavy crossbow "Sniper" {heavy, Acc+∞ SInv}
     0 | D        | Found the +10 dark maul {heavy}
     0 | D        | Found the +15 Maxwell's patent armour {-Cast -Tele rElec
                  | Will+ rCorr}
     0 | D        | Found the +18 shield of the Gong {Loud rN+ Will+ rCorr
                  | EV-5}
     0 | D        | Found the +16 obsidian axe {drain, demonic, Mesm Drain Fly
                  | SInv}
     0 | D        | Found the +7 great mace "Firestarter" {flame, immolate,
                  | rFlCloud rF++}
     0 | D        | Found the +6 shillelagh "Devastator" {shatter}
     0 | D        | Found the +11 plutonium sword {Contam Stlth-}
     0 | D        | Found the +8 lance "Wyrmbane" {slay drac, rPois rF+ rC+
                  | AC+3}
     0 | D        | Found the +9 sword of Zonguldrok {reap}
     0 | D        | Found the +13 scythe of Curses {drain, curses, Drain}
     0 | D        | Found the +9 sword of Power {lifebolt}
     0 | D        | Found the +7 mace of Variability {chaos, chaos arc}
     0 | D        | Found the +11 Singing Sword {sonic wave}
     0 | D        | Found the +8 storm bow {elec, penet}
     1 | D        | Found a shimmering blue altar of Sif Muna.
     1 | D        | Found a sacrificial altar of Ru.
     1 | D        | Found a bloodstained altar of Trog.
     1 | D        | Found a stormy altar of Qazlal.
     1 | D        | Found an iron altar of Okawaru.
     1 | D        | Found a sparkling altar of Nemelex Xobeh.
     3 | D        | Found a transporter.
     3 | D        | Found an ancient bone altar of Kikubaaqudgha.
     3 | D        | Found a viscous altar of Jiyva.
     3 | D        | Found a corrupted altar of Lugonu.
     3 | D        | Found a hazy altar of Hepliaklqana.
     3 | D        | Found a burning altar of Makhleb.
     3 | D        | Found an opulent altar of Gozag.
    71 | D        | Became a worshipper of Cheibriados the Contemplative
    86 | D        | Entered arena 2.
    86 | D        | Found a transporter.
    92 | D        | Reached skill level 3 in Axes
    96 | D        | Reached skill level 1 in Dodging
    96 | D        | Reached skill level 1 in Invocations
    96 | D        | Reached XP level 2. HP: 16/27 MP: 0/2
   250 | D        | Reached skill level 5 in Fighting
   250 | D        | Reached skill level 6 in Axes
   250 | D        | Reached skill level 5 in Armour
   250 | D        | Reached skill level 5 in Shields
   250 | D        | Reached XP level 3. HP: 37/37 MP: 2/4
   273 | D        | Entered arena 3.
   273 | D        | Noticed a guardian mummy
   273 | D        | Found a transporter.
   277 | D        | Killed a guardian mummy
   277 | D        | Reached * piety under Cheibriados
   278 | D        | Reached skill level 9 in Axes
   278 | D        | Reached skill level 5 in Dodging
   278 | D        | Reached XP level 4. HP: 47/47 MP: 4/6
   278 | D        | Reached XP level 5. HP: 52/52 MP: 4/7
   278 | D        | Reached XP level 6. HP: 60/60 MP: 4/8
   281 | D        | Reached skill level 5 in Invocations
   441 | D        | Entered arena 4.
   441 | D        | Found a transporter.
   448 | D        | Reached ** piety under Cheibriados
   450 | D        | Reached skill level 10 in Axes
   461 | D        | Got the +1 plate armour of the Eight Boll Weevils {rF+
                  | Int+2 SInv}
   466 | D        | Entered arena 5.
   466 | D        | Found a transporter.
   469 | D        | Reached *** piety under Cheibriados
   470 | D        | Reached XP level 7. HP: 67/68 MP: 10/10
   470 | D        | Reached **** piety under Cheibriados
   585 | D        | Entered arena 6.
   585 | D        | Found a transporter.
   589 | D        | Reached ***** piety under Cheibriados
   704 | D        | Entered arena 7.
   704 | D        | Noticed a large abomination
   705 | D        | Found a transporter.
   712 | D        | Killed a large abomination
   713 | D        | Reached skill level 11 in Axes
   714 | D        | Reached ****** piety under Cheibriados
   903 | D        | Entered arena 8.
   904 | D        | Found a transporter.
   910 | D        | Reached skill level 1 in Evocations
   910 | D        | Reached XP level 8. HP: 78/78 MP: 11/11
   951 | D        | Entered arena 9.
   951 | D        | Noticed an air elemental
   951 | D        | Noticed a +4 dire flail of draining
   951 | D        | Noticed a deep elf pyromancer
   951 | D        | Noticed a deep elf pyromancer
   951 | D        | Noticed a deep elf pyromancer
   952 | D        | Found a transporter.
   952 | D        | Paralysed by an air elemental for 1 turns
   953 | D        | Killed a deep elf pyromancer
   954 | D        | Reached skill level 12 in Axes
   954 | D        | Killed an air elemental
   958 | D        | Killed a +4 dire flail of draining
   959 | D        | Reached skill level 10 in Fighting
   959 | D        | Reached skill level 13 in Axes
   959 | D        | Reached skill level 10 in Armour
   959 | D        | Reached skill level 10 in Shields
   959 | D        | Reached XP level 9. HP: 38/86 MP: 6/13
   959 | D        | Killed a deep elf pyromancer
   967 | D        | Killed a deep elf pyromancer
   968 | D        | Reached skill level 14 in Axes
  1356 | D        | Entered arena 10.
  1356 | D        | Noticed a shining eye
  1356 | D        | Noticed a guardian serpent
  1356 | D        | Noticed a yaktaur
  1356 | D        | Noticed a wind drake
  1357 | D        | Found a transporter.
  1359 | D        | Killed a guardian serpent
  1361 | D        | Killed a yaktaur
  1361 | D        | Gained mutation: You have hidden genetic defects. [a
                  | neqoxec]
  1362 | D        | Reached skill level 5 in Evocations
  1362 | D        | Reached XP level 10. HP: 96/96 MP: 15/15
  1363 | D        | Gained mutation: You occasionally lose the ability to drink
                  | potions when taking damage. [a neqoxec]
  1366 | D        | Killed a shining eye
  1367 | D        | Reached skill level 15 in Axes
  1367 | D        | Reached skill level 10 in Dodging
  1371 | D        | Gained mutation: You are vulnerable to heat. (rF-) [hidden
                  | defects]
  1377 | D        | Got the Verses on Floating Pyromancy
  1380 | D        | Got the ring "Qytaesom" {Drain rElec rN+++ MP+9 Int+3}
  1446 | D        | Entered arena 11.
  1446 | D        | Noticed Demur the pandemonium lord
  1446 | D        | Noticed Xyumimp the pandemonium lord
  1447 | D        | Found a transporter.
  1456 | D        | HP: 3/97 [Demur the pandemonium lord (14)]
  1457 | D        | Demolished by Demur the pandemonium lord

Illustrated notes

Levels and vault maps discovered:
D:        sprint_v [room_start, room_1, room_2, room_3, room_4, room_5, room_6,
          room_7, room_8, room_9, room_10, room_11, room_12, room_13, room_14,
          room_15, room_16, room_17, room_18, room_19, room_20, room_21,
          room_22, room_23, room_24, room_25, room_26, room_27]

Skill      XL: |  1  2  3  4  5  6  7  8  9 10 |
---------------+-------------------------------+-----
Axes           | 3 6 9 10 11 13 14 15 | 15.1
Fighting       | 4 5 7 8 9 10 11 | 11.6
Armour         | 4 5 7 8 9 10 11 | 11.6
Dodging        | 1 3 5 6 7 8 9 10 | 10.0
Shields        | 4 5 7 8 10 11 | 11.3
Invocations    | 1 3 4 5 6 7 8 |  8.9
Evocations     | 1 3 5 |  5.5

Action                     |  1- 3 |  4- 6 |  7- 9 | 10-12 || total
---------------------------+-------+-------+-------+-------++-------
  Melee: Broad axe         |     7 |    11 |    27 |     6 ||    51
         Headbutt          |     1 |     1 |     9 |       ||    11
         Unarmed           |       |       |       |     7 ||     7
 Invoke: Slouch            |       |       |     3 |       ||     3
    Use: Potion            |     3 |       |     3 |     1 ||     7
         Scroll            |       |       |     1 |       ||     1
   Stab: Invisible         |       |       |       |     1 ||     1
 Armour: Plate armour      |     2 |       |       |       ||     2
         Gold dragon scale |       |     6 |    21 |       ||    27
  Dodge: Dodged            |     3 |     5 |    27 |    15 ||    50
  Block: Buckler           |     1 |     6 |    15 |     2 ||    24

Table legend: (Time is in decaauts)
 A = Elapsed time spent in this place.
 B = Non-inter-level travel time spent in this place.
 C = Inter-level travel time spent in this place.
 D = Time resting spent in this place.
 E = Time spent auto-exploring this place.
 F = Levels seen in this place.
 G = Mean time per level.
                   A        B        C        D        E       F      G
               +--------+--------+--------+--------+--------+-----+--------+
         Total |   1603 |   1603 |      0 |   1105 |      0 |   1 | 1603.0 |
       Dungeon |   1603 |   1603 |      0 |   1105 |      0 |   1 | 1603.0 |
               +--------+--------+--------+--------+--------+-----+--------+

Top non-repeatable levels by time:
       D: 1603 daAuts
